 Dungeon Crawl Stone Soup version 0.29-a0-923-g6e406bff71 (webtiles) character file.

Game seed: 16062238927345243734

9065 DungeonMaster the Zephyrmancer (level 11, -2/75 HPs)
             Began as a Demonspawn Wanderer on July 28, 2022.
             Was an Initiate of Gozag.
             Slain by a killer bee (3 damage)
             ... on level 11 of the Dungeon.
             The game lasted 00:32:28 (12050 turns).

DungeonMaster the Zephyrmancer (DsWn)              Turns: 12050, Time: 00:32:28

Health: -2/75      AC: 16    Str: 17    XL:     11   Next: 18%
Magic:  31/31      EV: 10    Int: 31    God:    Gozag
Gold:   324        SH:  8    Dex: 13    Spells: 12/25 levels left

rFire   . . .      SeeInvis .   a - +5 long sword (elec)
rCold   . . .      Faith    .   E - +0 buckler
rNeg    + . .      Spirit   .   j - +1 ring mail "Zuoloev" {Fly rElec Str+7}
rPois   .          Reflect  .   c - +2 helmet
rElec   +          Harm     .   (no cloak)
rCorr   .          Rampage  .   f - +2 pair of gloves
Will    .....                   d - +1 pair of boots
Stlth   ..........              (no amulet)
HPRegen 0.22/turn               h - ring of positive energy
MPRegen 0.44/turn               x - ring of the Komodo Dragon {rElec MP+9 Int+8 Dex+3 Stlth-}

@: lethally poisoned (-2 -> -6), gold aura, flying, slowed, very slow
A: claws 1, large bone plates 1, powered by death 1, magic regeneration
a: Renounce Religion, Potion Petition, Call Merchant, Bribe Branch


You were on level 11 of the Dungeon.
You worshipped Gozag.
Gozag was aware of your devotion.
You visited 2 branches of the dungeon, and saw 12 of its levels.

You collected 1330 gold pieces.
You spent 227 gold pieces at shops.
You paid 779 gold pieces to Gozag.

Inventory:

Hand Weapons
 a - a +5 long sword of electrocution (weapon)
 s - a +2 war axe of flaming
Missiles
 g - 5 javelins
 k - 2 throwing nets
 o - 2 curare-tipped darts (quivered)
 w - 15 poisoned darts
 D - 3 boomerangs
Armour
 c - a +2 helmet (worn)
 d - a +1 pair of boots (worn)
 f - a +2 pair of gloves (worn)
 j - the +1 ring mail "Zuoloev" (worn) {Fly rElec Str+7}
   (You found it on level 2 of the Dungeon)

   Str:       It affects your strength (+7).
   rElec:     It insulates you from electricity.
   Fly:       It grants you flight.
 E - a +0 buckler (worn)
 G - a +2 leather armour of cold resistance
Jewellery
 h - a ring of positive energy (left hand)
 x - the ring of the Komodo Dragon (right hand) {rElec MP+9 Int+8 Dex+3 Stlth-}
   (You acquired it on level 6 of the Dungeon)

   [ring of magical power]

   Int:       It affects your intelligence (+8).
   Dex:       It affects your dexterity (+3).
   rElec:     It insulates you from electricity.
   MP:        It affects your magic capacity (+9).
   Stlth:     It makes you less stealthy.
Wands
 r - a wand of mindburst (7)
 y - a wand of paralysis (7)
 B - a wand of acid (9)
Scrolls
 b - a scroll of fog
 p - a scroll of amnesia
 u - a scroll of blinking
 v - a scroll of brand weapon
 A - 4 scrolls of teleportation
 C - 3 scrolls of fear
Potions
 e - 2 potions of flight
 i - 2 potions of mutation
 l - 3 potions of lignification
 m - 5 potions of curing
 n - 2 potions of brilliance {unknown}
 q - a potion of magic
 t - a potion of berserk rage
 z - 3 potions of might
 F - a potion of invisibility


   Skills:
 - Level 3.3 Fighting
 * Level 7.8 Armour
 - Level 1.0 Dodging
 * Level 1.4 Shields
 * Level 7.8 Spellcasting
 * Level 6.2 Conjurations
 * Level 9.2 Air Magic
 - Level 5.4 Earth Magic


You had 12 spell levels left.
You knew the following spells:

 Your Spells              Type           Power      Damage    Failure   Level
a - Shock                 Conj/Air       100%       1d9       1%          1
b - Airstrike             Air            31%        0-10+     2%          4
c - Passwall              Tmut/Erth      24%        N/A       4%          2
d - Lightning Bolt        Conj/Air       28%        1d44      11%         5
e - Apportation           Tloc           24%        N/A       10%         1

Your spell library contained the following spells:

 Spells                   Type           Power      Damage    Failure   Level
 Magic Dart               Conj           100%       1d8       1%          1
 Swiftness                Air            62%        N/A       1%          3
 Poisonous Vapours        Pois/Air       80%        N/A       2%          2
 Dazzling Flash           Conj/Hex       62%        N/A       8%          3
 Ensorcelled Hibernation  Hex/Ice        24%        N/A       14%         2
 Summon Lightning Spire   Summ/Air       40%        N/A       14%         4
 Gell's Gravitas          Tloc           12%        N/A       28%         3
 Lesser Beckoning         Tloc           12%        N/A       28%         3
 Portal Projectile        Hex/Tloc       24%        N/A       28%         3
 Teleport Other           Tloc           12%        N/A       28%         3
 Tukima's Dance           Hex            12%        N/A       28%         3
 Alistair's Intoxication  Tmut/Pois      8%         N/A       95%         5
 Blade Hands              Tmut           6%         N/A       95%         5


Dungeon Overview and Level Annotations

Branches:
Dungeon (11/15)            Temple (1/1) D:5            Lair (0/5) D:9
    Orc: D:9-12

Altars:
Ashenzari
Cheibriados
Dithmenos
Gozag
Nemelex Xobeh
Okawaru
Qazlal
Ru
Sif Muna
Trog
Uskayaw
Vehumet
Wu Jian

Shops:
D:8 ?*   D:9 *

Annotations:
D:3 1 runed translucent door, Crazy Yiuf
D:4 Grinder
D:11 Sonja


Innate Abilities, Weirdness & Mutations

You have sharp fingernails.
You are partially covered in large bone plates. (SH +4)
You regenerate a little health from kills.
You regenerate magic rapidly.


Message History

You are more poisoned.
The killer bee poisons you! The killer bee barely misses you.
The killer bee buzzes angrily.
You see here 5 gold pieces.
* * * LOW HITPOINT WARNING * * *
You feel extremely sick.
The killer bee stings you but does no damage.
The killer bee completely misses you. The killer bee closely misses you.
The killer bee stings you.
* * * LOW HITPOINT WARNING * * *
You block the killer bee's attack.
Casting: Shock (safe; 1% risk of failure)
Confirm with . or Enter, or press ? or * to list all spells.
Aiming: Passwall (safe; 4% risk of failure)
Press: ? - help, Dir - move target A rock wall.
You hear a shout!
* * * LOW HITPOINT WARNING * * *
You feel very sick. You block the killer bee's attack.
The killer bee closely misses you.
The killer bee stings you but does no damage. x3
The killer bee misses you.
The killer bee stings you but does no damage. x3
You begin to meditate on the wall.
You continue meditating on the rock.
* * * LOW HITPOINT WARNING * * *
You feel very sick.
The killer bee is no longer distracted by gold.
The killer bee barely misses you.
The killer bee stings you but does no damage.
You block the killer bee's attack. x2; The killer bee closely misses you.
The killer bee stings you but does no damage. x2
You continue meditating on the rock.
* * * LOW HITPOINT WARNING * * *
You feel very sick.
The killer bee stings you but does no damage. x2
The killer bee closely misses you.
The killer bee stings you but does no damage.
You block the killer bee's attack. The killer bee stings you.
You die...
Your body crumbles into a pile of gold.

. ..... .. ######......
... ##.#.#........ ....
#.K...........
..#..#@y#..........
......yyy##K........
#.[......KK.........
....#..KKT..............
... #...##..............
........................
..........ยง.............
.......................
.......................


You could see a troll, 2 kobold brigands, 4 killer bees and 3 kobolds.

Vanquished Creatures
  2 two-headed ogres
  Joseph (D:10)
  Maggie (D:6)
  A kobold demonologist (D:10)
  A komodo dragon (D:9)
  2 trolls
  2 hornets
  A vampire (D:10)
  10 yaks
  Grum (D:9)
  2 steam dragons
  3 acid dragons
  A water moccasin (D:8)
  2 black bears
  2 orc warriors
  2 ice beasts
  3 wolves
  A phantom (D:5)
  4 kobold brigands
  7 bullfrogs
  2 gnoll sergeants
  A necrophage (D:5)
  6 scorpions
  8 wights
  6 killer bees
  An electric eel (D:10)
  3 hounds
  4 jellies
  2 orc priests
  Natasha (D:2)
  6 orc wizards
  Robin (D:2)
  8 gnolls
  9 adders
  A white imp (D:7)
  2 ufetubi
  2 worms
  A dart slug (D:1)
  22 orcs
  8 endoplasms
  3 giant cockroaches
  12 goblins
  9 hobgoblins
  14 kobolds
  2 quokkas
  5 ball pythons
  8 bats
  2 frilled lizards
  7 rats
205 creatures vanquished.

Vanquished Creatures (others)
  2 kobolds (D:7)
  51 fungi (D:9)
  47 plants (D:9)
100 creatures vanquished.

Grand Total: 305 creatures vanquished

Notes
Turn   | Place    | Note
-------+----------+-------------------------------------------
     0 | D:1      | DungeonMaster the Demonspawn Wanderer began the quest for
                  | the Orb.
     0 | D:1      | DungeonMaster set off with the following items: a +0
                  | dagger, a scroll of fog, a +0 scale mail; and the following
                  | spells available to memorise: Shock, Magic Dart, Poisonous
                  | Vapours, Airstrike, Dazzling Flash.
     0 | D:1      | Reached XP level 1. HP: 13/13 MP: 2/2
     3 | D:1      | Learned a level 1 spell: Shock
   312 | D:1      | Found a faded altar of an unknown god.
   445 | D:1      | Gained mutation: You are partially covered in large bone
                  | plates. (SH +4) [demonic ancestry]
   445 | D:1      | Reached XP level 2. HP: 18/20 MP: 0/3
  1121 | D:1      | Reached skill level 1 in Fighting
  1175 | D:1      | Reached XP level 3. HP: 19/26 MP: 1/5
  1933 | D:1      | Gained mutation: You regenerate magic rapidly. [demonic
                  | ancestry]
  1933 | D:1      | Reached XP level 4. HP: 19/32 MP: 1/6
  2072 | D:2      | Noticed Robin
  2484 | D:2      | Noticed Natasha
  2505 | D:2      | Killed Natasha
  2953 | D:2      | Identified the +1 ring mail "Zuoloev" {Fly rElec Str+7}
  2955 | D:2      | Identified the +3 ring mail of the Centipede {Dex+3 Stlth+}
  2986 | D:2      | Reached skill level 5 in Air Magic
  2986 | D:2      | Reached XP level 5. HP: 38/38 MP: 2/8
  3061 | D:2      | Killed Robin
  3421 | D:3      | Found a stormy altar of Qazlal.
  3507 | D:3      | Found a sacrificial altar of Ru.
  3705 | D:3      | Found a runed translucent door.
  3706 | D:3      | Noticed Crazy Yiuf
  4429 | D:4      | Noticed Grinder
  4429 | D:4      | Noticed a phantom
  4585 | D:4      | Noticed an ogre
  4590 | D:5      | Entered Level 5 of the Dungeon
  4747 | D:5      | Reached XP level 6. HP: 46/46 MP: 5/9
  4749 | D:5      | Noticed an ice beast
  4762 | D:5      | Killed an ice beast
  5086 | D:5      | Gained mutation: You have sharp fingernails. [demonic
                  | ancestry]
  5086 | D:5      | Reached XP level 7. HP: 52/52 MP: 2/11
  5184 | D:5      | Found a staircase to the Ecumenical Temple.
  5207 | Temple   | Entered the Ecumenical Temple
  5287 | Temple   | Became a worshipper of Gozag Ym Sagoz the Greedy
  5443 | D:6      | Identified a scroll of acquirement
  5443 | D:6      | Acquired the ring of the Komodo Dragon {rElec MP+9 Int+8
                  | Dex+3 Stlth-}
  5451 | D:6      | Learned a level 4 spell: Airstrike
  5454 | D:6      | Learned a level 2 spell: Passwall
  5460 | D:6      | Learned a level 5 spell: Lightning Bolt
  5568 | D:6      | Reached skill level 1 in Earth Magic
  5633 | D:6      | Noticed Maggie
  5658 | D:6      | Killed Maggie
  5659 | D:6      | Reached skill level 6 in Air Magic
  5659 | D:6      | Gained mutation: You regenerate a little health from kills.
                  | [demonic ancestry]
  5659 | D:6      | Reached XP level 8. HP: 10/58 MP: 13/14
  7077 | D:7      | Reached skill level 5 in Armour
  7090 | D:7      | Reached skill level 5 in Spellcasting
  7179 | D:7      | Reached XP level 9. HP: 64/64 MP: 16/16
  7416 | D:7      | Reached skill level 7 in Air Magic
  8090 | D:8      | Found Zygen's Magic Scroll Shop.
  8101 | D:8      | Bought a scroll of blinking for 90 gold pieces
  8101 | D:8      | Bought a scroll of teleportation for 36 gold pieces
  8369 | D:8      | Found an iron altar of Okawaru.
  8397 | D:8      | Noticed a two-headed ogre
  8402 | D:8      | Killed a two-headed ogre
  8403 | D:8      | Reached skill level 5 in Earth Magic
  8441 | D:8      | Paralysed by a hornet for 1 turns
  8761 | D:8      | Reached XP level 10. HP: 70/70 MP: 19/19
  8869 | D:8      | Found a snail-covered altar of Cheibriados.
  8885 | D:8      | Reached skill level 8 in Air Magic
  9294 | D:8      | Found Sipi's General Store.
  9303 | D:8      | Bought a scroll of fear for 56 gold pieces
  9617 | D:9      | Noticed Grum
  9831 | D:9      | Killed Grum
 10343 | D:9      | Reached skill level 5 in Conjurations
 10525 | D:9      | Found a staircase to the Lair.
 10547 | D:9      | Learned a level 1 spell: Apportation
 10754 | D:9      | Bought a potion of curing for 45 gold pieces
 10756 | D:10     | Entered Level 10 of the Dungeon
 10851 | D:10     | Noticed a two-headed ogre
 10954 | D:10     | Found a radiant altar of Vehumet.
 10971 | D:10     | Killed a two-headed ogre
 11051 | D:10     | Reached skill level 9 in Air Magic
 11198 | D:10     | Reached XP level 11. HP: 75/75 MP: 21/22
 11283 | D:10     | Noticed Joseph
 11291 | D:10     | Killed Joseph
 11556 | D:10     | Reached skill level 1 in Shields
 11977 | D:11     | Noticed Sonja
 12050 | D:11     | HP: 1/75 [poisoned by a killer bee]
 12050 | D:11     | Slain by a killer bee

Illustrated notes

Levels and vault maps discovered:
D:1:      mrwooster_arrival_statue_2, layout_basic, basic_ecumenical_altar
D:2:      minmay_chambers_of_twos, layout_basic, uniq_natasha, uniq_robin
D:3:      layout_loops_ring, mainiacjoe_overflow_alcove_4,
          mainiacjoe_overflow_tiny_flanked, kennysheep_generic_room_3,
          uniq_crazy_yiuf_cottage
D:4:      layout_rooms, chequers_temple_overflow_statue_of_worship, uniq_grinder
D:5:      layout_rooms, temple_doors_e
D:6:      layout_loops_ring, uniq_maggie
D:7:      layout_gridville
D:8:      layout_gridville, mainiacjoe_overflow_alcove_2, elyvilon_altar_5,
          mainiacjoe_overflow_divided_tiny, serial_shops, shop, shop,
          reono_crystal_passage
D:9:      layout_rooms, due_lair_maze_entry_diamond, minmay_hedge_maze,
          uniq_grum
D:10:     layout_irregular_city, nicolae_vehumet_altar_sigil,
          kennysheep_cross_bottleneck, uniq_joseph
D:11:     layout_cross, orc_0_dummy, uniq_sonja
Temple:   nicolae_temple_god_jail

Skill      XL: |  1  2  3  4  5  6  7  8  9 10 11 |
---------------+----------------------------------+-----
Fighting       | 1 2 3 |  3.3
Armour         | 2 3 4 5 6 7 |  7.8
Spellcasting   | 2 4 5 6 7 |  7.8
Air Magic      | 5 6 7 9 |  9.2
Conjurations   | 3 4 5 6 |  6.2
Earth Magic    | 2 3 5 |  5.4
Shields        | 1 |  1.4
Dodging        | |  1.0

Action                   |  1- 3 |  4- 6 |  7- 9 | 10-12 || total
-------------------------+-------+-------+-------+-------++-------
Melee: Dagger            |    58 |       |       |       ||    58
       Short sword       |    31 |    20 |       |       ||    51
       Punch             |       |     1 |       |       ||     1
       Trident           |       |     2 |     3 |       ||     5
       Long sword        |       |       |    10 |    30 ||    40
Throw: Javelin           |       |     1 |       |       ||     1
       Dart              |       |       |     2 |     5 ||     7
 Cast: Shock             |    50 |   154 |   239 |   142 ||   585
       Lightning Bolt    |       |       |     1 |    36 ||    37
       Airstrike         |       |       |       |    16 ||    16
       Passwall          |       |       |       |     1 ||     1
Invok: Call Merchant     |       |       |       |     1 ||     1
Evoke: Wand              |       |       |       |     4 ||     4
  Use: Scroll            |       |    12 |     9 |     2 ||    23
       Potion            |       |     1 |     4 |       ||     5
 Stab: Paralysed         |       |       |       |     8 ||     8
Armor: Scale mail        |    47 |    15 |       |       ||    62
       Ring mail         |       |    22 |    80 |   116 ||   218
Dodge: Dodged            |    42 |    33 |    60 |   100 ||   235
Block: Other             |    16 |    14 |    21 |    26 ||    77
       Buckler           |       |       |       |    23 ||    23

Table legend: (Time is in decaauts)
 A = Elapsed time spent in this place.
 B = Non-inter-level travel time spent in this place.
 C = Inter-level travel time spent in this place.
 D = Time resting spent in this place.
 E = Time spent auto-exploring this place.
 F = Levels seen in this place.
 G = Mean time per level.
                   A        B        C        D        E       F      G
               +--------+--------+--------+--------+--------+-----+--------+
         Total |  12111 |  11610 |    501 |   4187 |   4985 |  12 | 1009.2 |
       Dungeon |  12017 |  11529 |    488 |   4187 |   4917 |  11 | 1092.5 |
        Temple |     93 |     80 |     13 |      0 |     68 |   1 |   93.0 |
               +--------+--------+--------+--------+--------+-----+--------+

Top non-repeatable levels by time:
     D:7: 1756 daAuts
     D:8: 1722 daAuts
     D:1: 1644 daAuts
     D:2: 1567 daAuts
     D:3: 1323 daAuts
     D:6: 1209 daAuts
    D:10: 1100 daAuts
     D:9: 904 daAuts
     D:5: 701 daAuts
  Temple: 93 daAuts
     D:4: 63 daAuts
    D:11: 23 daAuts
